 Dungeon Crawl Stone Soup version 0.31.0-11-ge490571c62 (webtiles) character file.

Game seed: 11709729412497042593

361 SnakkuSnakku7 the Insei (level 6, 0/50 HPs)
             Began as a Merfolk Air Elementalist on Jan 30, 2024.
             Slain by a water moccasin (7 damage)
             ... on level 5 of the Dungeon.
             The game lasted 00:05:55 (4053 turns).

SnakkuSnakku7 the Insei (Merfolk Air Elementalist)  Turns: 4053, Time: 00:05:56

Health: 0/50       AC:  7    Str: 11    XL:     6   Next: 66%
Magic:  9/9        EV: 11    Int: 14    God:
Gold:   189        SH:  0    Dex: 19    Spells: 8/9 levels left

rFire   . .          .
                       - Unarmed
rCold   . . .        (no shield)
rNeg    . . .        g - +0 ring mail "Usinoa" {Dex+5}
rPois   .            (no helmet)
rElec   .            p - +0 cloak
rCorr   .            (no gloves)
SInv    .            q - +0 pair of boots
Will    .....        (no amulet)
Stlth   ++           l - ring of wizardry
HPRegen 0.28/turn    o - ring of wizardry
MPRegen 0.11/turn

%: wizardry (x2)
@: mighty, lethally poisoned (0 -> -2)
A: (nimble swimmer 2), mertail
a: no special abilities


You were on level 5 of the Dungeon.
You visited 1 branch of the dungeon, and saw 5 of its levels.

You collected 189 gold pieces.

Inventory:

Missiles
 b - 10 poisoned darts
Armour
 a - a +0 robe
 g - the +0 ring mail "Usinoa" (worn) {Dex+5}
   (You found it on level 4 of the Dungeon)

   Dex+5:     It affects your dexterity (+5).
 p - a +0 cloak (worn)
 q - a +0 pair of boots (worn)
Jewellery
 l - a ring of wizardry (left hand)
 m - a ring of fire
 o - a ring of wizardry (right hand)
Scrolls
 f - a scroll of butterflies {unknown}
 h - 3 scrolls of teleportation
 j - a scroll of poison {unknown}
 k - a scroll of blinking {unknown}
 n - a scroll of fog {unknown}
 r - a scroll of brand weapon {unknown}
 s - a scroll of enchant armour {unknown}
Potions
 c - a potion of resistance
 d - a potion of enlightenment
 i - 2 potions of attraction
 t - a potion of cancellation


   Skills:
 + Level 4.9 Fighting
 - Level 2.6 Dodging
 - Level 2.1 Stealth
 + Level 4.9 Unarmed Combat
 - Level 2.0 Spellcasting
 - Level 0.7 Conjurations
 - Level 2.4 Air Magic


You had 8 spell levels left.
You knew the following spells:

 Your Spells              Type           Power      Damage    Failure   Level
a - Shock                 Conj/Air       20%        1d4       9%          1

Your spell library contained the following spells:

 Spells                   Type           Power      Damage    Failure   Level
 Static Discharge         Conj/Air       10%        3-4/arc   13%         2
 Swiftness                Air            8%         N/A       17%         3
 Scorch                   Fire           2%         2d5       22%         2
 Airstrike                Air            4%         2d(1-17)  45%         4
 Flame Wave               Conj/Fire      2%         2d4       73%         4
 Summon Cactus Giant      Summ           0%         N/A       100%        6


Dungeon Overview and Level Annotations

Branches:
Dungeon (5/15)
 Temple: D:4-7

Altars:
Wu Jian

Annotations:
D:3 Sigmund
D:4 1 runed translucent door, Crazy Yiuf


Innate Abilities, Weirdness & Mutations

((You are very nimble when in or above water. (Stealth+, EV+, Speed+++)))
Your lower body shifts to a powerful aquatic tail in water.


Message History

The water moccasin is moderately wounded.
You feel sick. The water moccasin bites you!
You miss the water moccasin.
The water moccasin is moderately wounded.
You feel sick.
The water moccasin bites you but does no damage.
You hit the water moccasin.
The water moccasin is moderately wounded.
You feel sick.
The water moccasin bites you but does no damage.
The water moccasin bites you.
You are more poisoned.
The water moccasin poisons you!
It was a potion of might.
You feel very mighty all of a sudden.
You feel very sick. The water moccasin barely misses you.
You hit the water moccasin.
The water moccasin is heavily wounded.
You feel sick.
The water moccasin bites you but does no damage.
You miss the water moccasin.
The water moccasin is heavily wounded.
You feel sick.
The water moccasin bites you but does no damage. x2
You closely miss the water moccasin.
The water moccasin is heavily wounded.
You feel sick. The water moccasin barely misses you.
You closely miss the water moccasin.
The water moccasin is heavily wounded.
You feel sick. The water moccasin bites you.
* * * LOW HITPOINT WARNING * * *
You miss the water moccasin.
The water moccasin is heavily wounded.
You feel sick. The water moccasin bites you.
* * * LOW HITPOINT WARNING * * *
You closely miss the water moccasin.
The water moccasin is heavily wounded.
You feel sick. The water moccasin bites you!
You die...

##########
.).......#######
...............#
............S#.#
............#@######
..........###.##...#
.........###..#.....
........## #.#.......
######### ##.........
#.......<.. .#
##.......... ...####
##...........
.......#####...#........


You could see a water moccasin.

Vanquished Creatures
  A scorpion (D:4)
  2 orc priests
  Jessica (D:3)
  4 gnolls
  8 adders
  A white imp (D:5)
  A ribbon worm (D:2)
  A dart slug (D:4)
  13 orcs
  6 ball pythons
  7 bats
  6 endoplasms
  2 giant cockroaches (D:3)
  11 goblins
  4 hobgoblins
  6 jackals (D:2)
  7 kobolds
  5 quokkas
  3 rats
89 creatures vanquished.

Notes
Turn   | Place    | Note
-------+----------+-------------------------------------------
     0 | D:1      | SnakkuSnakku7 the Merfolk Air Elementalist began the quest
                  | for the Orb.
     0 | D:1      | Reached XP level 1. HP: 13/13 MP: 3/3
   240 | D:1      | Reached skill level 1 in Fighting
   240 | D:1      | Reached skill level 1 in Unarmed Combat
   256 | D:1      | Reached XP level 2. HP: 17/21 MP: 0/5
   664 | D:1      | Reached XP level 3. HP: 17/27 MP: 6/6
   797 | D:2      | Found a faded altar of an unknown god.
  1098 | D:2      | Reached XP level 4. HP: 33/34 MP: 2/7
  1699 | D:3      | Noticed Sigmund
  1757 | D:3      | Noticed Jessica
  1763 | D:3      | Killed Jessica
  1764 | D:3      | Reached XP level 5. HP: 41/41 MP: 2/8
  2086 | D:3      | Found an ornate altar of the Wu Jian Council.
  2297 | D:4      | Identified the +0 ring mail "Usinoa" {Dex+5}
  2554 | D:4      | Reached XP level 6. HP: 44/48 MP: 9/9
  2627 | D:4      | Found a runed translucent door.
  2628 | D:4      | Noticed Crazy Yiuf
  2763 | D:5      | Entered Level 5 of the Dungeon
  4029 | D:5      | Noticed a water moccasin
  4053 | D:5      | Slain by a water moccasin

Illustrated notes

Levels and vault maps discovered:
D:1:      lemuel_arrival_funnel, layout_basic
D:2:      minmay_inner_zag, layout_rooms, ebering_ecumenical_altar_abandoned,
          chequers_serial_rivers_micro_e
D:3:      layout_loops_ring, lemuel_doored_altar, uniq_sigmund, uniq_jessica
D:4:      layout_rooms, uniq_crazy_yiuf_cottage
D:5:      cheibrodos_fzero, layout_cave_pods, temple_green,
          nicolae_shop_distant_corner_stores, minmay_joined_circles

Skill      XL: |  1  2  3  4  5 |
---------------+----------------+-----
Fighting       | 1 2 3 4 |  4.9
Unarmed Combat | 1 2 3 4 |  4.9
Dodging        | |  2.6
Stealth        | |  2.1
Spellcasting   | |  2.0
Conjurations   | |  0.7
Air Magic      | |  2.4

Action                     |  1- 3 |  4- 6 || total
---------------------------+-------+-------++-------
  Melee: Unarmed           |   126 |   257 ||   383
         Punch             |     3 |     7 ||    10
   Cast: Shock             |    28 |    18 ||    46
    Use: Potion            |     1 |     3 ||     4
         Scroll            |       |     7 ||     7
   Stab: Sleeping          |     3 |     2 ||     5
         Distracted        |     3 |       ||     3
 Armour: Robe              |    82 |    83 ||   165
         Ring mail         |       |    92 ||    92
  Dodge: Dodged            |   118 |   142 ||   260
